 Dungeon Crawl Stone Soup version 0.20-a0-453-g91466d2 (webtiles) character file.

172957 Kriby the Eclecticist (level 17, -7/126 HPs)
             Began as a Mummy Fire Elementalist on Jan 7, 2017.
             Was an Elder of Sif Muna.
             Killed from afar by Zaque's ghost (45 damage)
             ... with an iron shot
             ... on level 1 of the Snake Pit on Jan 8, 2017.
             The game lasted 01:46:33 (48139 turns).

Kriby the Eclecticist (Mummy Fire Elementalist)    Turns: 48139, Time: 01:46:33

Health: -7/126     AC: 20    Str: 13    XL:     17   Next: 17%
Magic:  12/38      EV: 12    Int: 23    God:    Sif Muna [****..]
Gold:   141        SH: 15    Dex: 12    Spells: 30/50 levels left

rFire  + + .     SeeInvis .     a - +10 trident "Mutwubbi" {freeze, rPois rF++}
rCold  + . .     Gourm    .     K - +6 ring mail of the Blessed Realm {Int+3}
rNeg   + + +     Faith    .     Q - +2 buckler
rPois  ∞         Spirit   .     Y - +2 helmet
rElec  +         Reflect  +     m - +0 cloak
rCorr  .         Harm     .     N - +2 pair of gloves {archery}
MR     +++..                    X - +0 pair of boots {run}
Stlth  +.........               T - brooch of Shielding {Reflect SH+8}
                                R - ring "Giwn" {rElec rC+ MR+}
                                c - ring of fire

@: quick
A: no food or potions, fire vulnerability, cold resistance 1, negative energy
resistance 3, torment resistance, unbreathing, in touch with death 1
}: 1/15 runes: decaying
a: Divine Energy, Channel Magic, Forget Spell, Renounce Religion


You were on level 1 of the Snake Pit.
You worshipped Sif Muna.
Sif Muna was greatly pleased with you.
You were not hungry.

You visited 6 branches of the dungeon, and saw 27 of its levels.
You also visited: Sewer and Ice Cave.

You collected 2851 gold pieces.
You spent 2710 gold pieces at shops.

Inventory:

Hand Weapons
 a - the +10 trident "Mutwubbi" (weapon) {freeze, rPois rF++}
   (You found it in an ice cave)

   It has been specially enchanted to freeze those struck by it, causing extra
   injury to most foes and up to half again as much damage against particularly
   susceptible opponents.
   It can also slow down cold-blooded creatures.
   It greatly protects you from fire.
   It protects you from poison.
Armour
 m - a +0 cloak (worn)
 v - the +2 robe of the Snake Pit {MR+}
   (You found it on level 5 of the Dungeon)

   It affects your resistance to hostile enchantments.
 K - the +6 ring mail of the Blessed Realm (worn) {Int+3}
   (You found it in an ice cave)

   It affects your intelligence (+3).
 N - a +2 pair of gloves of archery (worn)
 Q - a +2 buckler (worn)
 X - a +0 pair of boots of running (worn)
 Y - a +2 helmet (worn)
Magical Staves
 b - an uncursed staff of wizardry
Jewellery
 c - a ring of fire (left hand)
 e - an uncursed amulet of regeneration
 f - an uncursed ring of magical power
 n - an uncursed ring of protection from magic
 r - an uncursed ring of flight
 w - the ring "Jeoceiw" {rC+ Int+2}
   (You acquired it on level 5 of the Lair of Beasts)

   [ring of intelligence]

   It affects your intelligence (+2).
   It protects you from cold.
 D - an uncursed ring of wizardry
 I - an uncursed ring of protection from fire
 R - the ring "Giwn" (right hand) {rElec rC+ MR+}
   (You bought it in a shop on level 13 of the Dungeon)

   [ring of protection from magic]

   It protects you from cold.
   It insulates you from electricity.
   It affects your resistance to hostile enchantments.
 T - the brooch of Shielding (around neck) {Reflect SH+8}
   (You bought it in a shop on level 13 of the Dungeon)

   [amulet of reflection]

   It shields you and reflects attacks.
   It affects your SH (+8).
Wands
 k - a wand of polymorph (12/24)
 l - a wand of confusion (10/48)
 s - a wand of disintegration (10/24)
 x - a wand of digging (14/24)
 B - a wand of flame (25/48)
 C - a wand of iceblast (0/15)
 E - a wand of polymorph (6/24)
 G - a wand of acid (0/15)
 O - a wand of random effects (16/48)
 W - a wand of flame (14/48)
 Z - a wand of lightning (7/15)
Scrolls
 d - 12 scrolls of identify
 h - 3 scrolls of fear
 i - 15 scrolls of teleportation
 j - 11 scrolls of remove curse
 o - 5 scrolls of recharging
 p - 4 scrolls of fog
 q - 3 scrolls of blinking
 u - 3 scrolls of magic mapping
 y - 4 scrolls of immolation
 z - 2 scrolls of enchant weapon
 U - 2 scrolls of amnesia
Books
 g - a book of Maledictions

   Spells                             Type                      Level
   a - Corona                         Hexes                        1
   b - Ensorcelled Hibernation        Hexes/Ice                    2
   c - Confuse                        Hexes                        3
   d - Tukima's Dance                 Hexes                        3
   e - Dazzling Spray                 Conjuration/Hexes            3
 t - a book of Flames

   Spells                             Type                      Level
   a - Flame Tongue                   Conjuration/Fire             1
   b - Throw Flame                    Conjuration/Fire             2
   c - Conjure Flame                  Conjuration/Fire             3
   d - Inner Flame                    Hexes/Fire                   3
   e - Sticky Flame                   Conjuration/Fire             4
   f - Fireball                       Conjuration/Fire             5
 A - a book of Callings

   Spells                             Type                      Level
   a - Summon Small Mammal            Summoning                    1
   b - Call Imp                       Summoning                    2
   c - Call Canine Familiar           Summoning                    3
   d - Summon Guardian Golem          Hexes/Summoning              3
   e - Summon Lightning Spire         Summoning/Air                4
   f - Summon Ice Beast               Ice/Summoning                4
 F - a book of Changes

   Spells                             Type                      Level
   a - Beastly Appendage              Transmutation                1
   b - Sticks to Snakes               Transmutation                2
   c - Spider Form                    Transmutation/Poison         3
   d - Ice Form                       Ice/Transmutation            4
   e - Blade Hands                    Transmutation                5
 H - a book of Frost

   Spells                             Type                      Level
   a - Freeze                         Ice                          1
   b - Throw Frost                    Conjuration/Ice              2
   c - Ozocubu's Armour               Charms/Ice                   3
   d - Throw Icicle                   Conjuration/Ice              4
   e - Summon Ice Beast               Ice/Summoning                4
 J - a book of Ice

   Spells                             Type                      Level
   a - Ice Form                       Ice/Transmutation            4
   b - Metabolic Englaciation         Hexes/Ice                    5
   c - Ozocubu's Refrigeration        Ice                          6
   d - Bolt of Cold                   Conjuration/Ice              6
   e - Freezing Cloud                 Conjuration/Ice/Air          6
   f - Simulacrum                     Ice/Necromancy               6
 M - a book of Debilitation

   Spells                             Type                      Level
   a - Corona                         Hexes                        1
   b - Slow                           Hexes                        2
   c - Gell's Gravitas                Hexes/Translocation          3
   d - Inner Flame                    Hexes/Fire                   3
   e - Cause Fear                     Hexes                        4
   f - Leda's Liquefaction            Hexes/Earth                  4
 P - a book of Cantrips

   Spells                             Type                      Level
   a - Confusing Touch                Hexes                        1
   b - Animate Skeleton               Necromancy                   1
   c - Summon Small Mammal            Summoning                    1
   d - Apportation                    Translocation                1
 S - Sif Muna's Catalogue of Damaging Weightlessness
   (Sif Muna gifted it to you on level 1 of the Orcish Mines)

   Spells                             Type                      Level
   a - Stone Arrow                    Conjuration/Earth            3
   b - Airstrike                      Air                          4
   c - Bolt of Magma                  Conjuration/Fire/Earth       5
   d - Bolt of Fire                   Conjuration/Fire             6
 V - Dunil's Guide on Quantum Confrontation
   (Sif Muna gifted it to you on level 4 of the Swamp)

   Spells                             Type                      Level
   a - Throw Flame                    Conjuration/Fire             2
   b - Mephitic Cloud                 Conjuration/Poison/Air       3
   c - Conjure Flame                  Conjuration/Fire             3
   d - Throw Icicle                   Conjuration/Ice              4
   e - Fulminant Prism                Conjuration/Hexes            4
   f - Iskenderun's Mystic Blast      Conjuration                  4
   g - Dispersal                      Translocation                6
Miscellaneous
 L - a lamp of fire


   Skills:
 + Level 9.3 Fighting
 - Level 3.0 Polearms
 - Level 4.4 Armour
 - Level 4.6 Dodging
 - Level 1.5 Stealth
 - Level 5.0 Shields
 * Level 17.2 Spellcasting
 + Level 11.9 Conjurations
 + Level 12.2 Fire Magic
 - Level 10.4 Invocations
 - Level 7.3 Evocations


You had 30 spell levels left.
You knew the following spells:

 Your Spells              Type           Power        Failure   Level  Hunger
a - Flame Tongue          Conj/Fire      #####        1%          1    N/A
b - Conjure Flame         Conj/Fire      #######.     1%          3    N/A
c - Sticky Flame          Conj/Fire      #######.     1%          4    N/A
d - Throw Flame           Conj/Fire      ######       1%          2    N/A
e - Fireball              Conj/Fire      #######...   1%          5    N/A
f - Bolt of Magma         Conj/Fire/Erth ######....   8%          5    N/A

Dungeon Overview and Level Annotations

Branches:
Dungeon (13/15)            Temple (1/1) D:7            Lair (6/6) D:9
  Swamp (4/4) Lair:3        Snake (1/4) Lair:3        Slime (0/5) Lair:5
    Orc (2/2) D:9             Elf (0/3) Orc:2
 Vaults: D:13-14

Altars:
Ashenzari
Cheibriados
Dithmenos
Elyvilon
Fedhas
Gozag
Hepliaklqana
Kikubaaqudgha
Makhleb
Nemelex Xobeh
Okawaru
Qazlal
Ru
Sif Muna
Trog
Uskayaw
Vehumet
Xom
Yredelemnul
Zin
The Shining One
Beogh

Shops:
D:4 !   D:12 [   D:13 ==*((   Orc:2 (*[:

Annotations:
Snake:1 Zaque's ghost, journeyman DrCj


Innate Abilities, Weirdness & Mutations

You do not eat or drink.
Your flesh is vulnerable to fire.
You are immune to poison.
Your flesh is cold resistant. (rC+)
You are immune to negative energy. (rN+++)
You are immune to unholy pain and torment.
You can survive without breathing.
You are in touch with the powers of death.


Message History

Sif Muna will no longer gift you books.
You closely miss Zaque's ghost.
Zaque's ghost is heavily damaged.
Zaque's ghost hits you.
You puncture Zaque's ghost! You freeze Zaque's ghost.
Zaque's ghost is heavily damaged.
You block Zaque's ghost's attack.
You puncture Zaque's ghost! You freeze Zaque's ghost.
Zaque's ghost is severely damaged.
Zaque's ghost points at you and mumbles some strange words.
The bolt of lightning hits you! You resist.
The battlesphere fires!
The barrage of energy hits you!
You hit Zaque's ghost. You freeze Zaque's ghost.
Zaque's ghost is severely damaged.
Zaque's ghost casts a spell at you. The bolt of magma hits you!
You partially resist.
The battlesphere fires!
The barrage of energy hits you! Zaque's ghost casts a spell at you.
The iron shot hits you!
You die...

.......## ####......
#.......###.........
##......#........###
#...........######
#.........###
##........##
#....*....#
........##
...#...@.##... ..
###.W.......
#..).....#.
#.......## #.......#
#.......# ..........
...........
...........


You could see a battlesphere and Zaque's ghost.

Vanquished Creatures
  Kirke (Swamp:3)
  4 thorn hunters
  An orc warlord (Orc:2)
  Aizul (Swamp:1)
  Nessos (Orc:2)
  A dire elephant (Lair:6)
  An ettin (Orc:1)
  The ghost of Duffy the Grappler, a journeyman OgTm of Makhleb (D:10)
  27 hydras
  Harold (D:10)
  A centaur warrior (D:13)
  2 anacondas
  2 catoblepae
  12 alligators
  8 death yaks
  4 two-headed ogres
  2 orc high priests
  Sonja (Lair:1)
  2 spriggans (Swamp:2)
  A spriggan druid (Swamp:4)
  An unseen horror (D:12)
  10 swamp dragons
  2 shambling mangroves
  5 orc knights
  3 lindwurms (Lair:6)
  A salamander (Snake:1)
  An oklob plant (Lair:3)
  9 deep elf magi (Orc:1)
  A cyclops (D:12)
  4 ugly things
  2 wolf spiders (Lair:6)
  4 orc sorcerers
  17 elephants
  4 manticores (Lair:6)
  14 slime creatures
  3 ice statues (IceCv)
  6 black mambas
  2 torpor snails (Lair:6)
  Psyche (D:13)
  A centaur zombie (D:11)
  2 gargoyles
  30 spiny frogs
  2 kobold demonologists (D:13)
  A tengu conjurer (D:10)
  7 rime drakes
  A freezing wraith (D:10)
  6 komodo dragons
  6 trolls
  6 tyrant leeches
  11 polar bears
  23 blink frogs
  10 hornets
  11 bog bodies
  2 raiju (Lair:6)
  10 hippogriffs
  20 dream sheep
  A wraith (D:13)
  57 yaks
  3 shadows
  5 wyverns
  8 basilisks
  2 hogs (Swamp:3)
  A steam dragon (D:9)
  A hungry ghost (D:10)
  11 wargs
  17 vampire mosquitoes
  3 nagas (Lair:3)
  13 insubstantial wisps
  21 swamp worms
  An acid dragon (D:10)
  19 water moccasins
  13 hell hounds (Lair:6)
  10 porcupines
  23 orc warriors
  3 sky beasts
  21 swamp drakes
  2 phantoms
  10 ice beasts
  12 black bears
  3 necrophages (Swamp:3)
  10 ogres
  32 wolves
  18 centaurs
  14 crocodiles
  4 big kobolds
  15 bullfrogs
  A water moccasin skeleton (D:8)
  2 scorpions
  7 howler monkeys
  15 killer bees
  A wight (D:9)
  An electric eel (Lair:3)
  2 crimson imps
  A quasit (D:11)
  2 bullfrog zombies
  A centaur skeleton (D:12)
  7 jellies
  Crazy Yiuf (D:2)
  19 orc priests
  6 hounds
  3 iguanas
  Terence (D:2)
  Ijyb (D:2)
  20 orc wizards
  8 worker ants
  A hound zombie (D:10)
  Robin (D:3)
  7 river rats (Sewer)
  8 adders
  4 gnolls (D:8)
  7 shadow imps
  2 worms (D:3)
  3 dart slugs
  5 leopard geckos
  67 orcs
  8 ball pythons
  4 giant cockroaches
  17 goblins
  9 hobgoblins
  10 jackals
  30 kobolds
  9 quokkas
  7 bats
  10 frilled lizards
  A leopard gecko skeleton (D:8)
  A quokka zombie (D:6)
  15 rats
  A bush (Lair:6)
  9 fungi
  6 plants
1007 creatures vanquished.

Vanquished Creatures (collateral kills)
  A porcupine (Lair:1)
1 creature vanquished.

Vanquished Creatures (others)
  2 cyclopes (D:13)
  A human (Swamp:3)
  A centaur (D:13)
  9 bushes
  31 fungi
  59 plants
103 creatures vanquished.

Grand Total: 1111 creatures vanquished

Notes
Turn   | Place    | Note
-------+----------+-------------------------------------------
     0 | D:1      | Kriby the Mummy Fire Elementalist began the quest for the Orb.
     0 | D:1      | Reached XP level 1. HP: 13/13 MP: 4/4
   305 | D:1      | Reached skill level 3 in Spellcasting
   447 | D:1      | Reached XP level 2. HP: 18/19 MP: 3/6
   755 | D:1      | Reached skill level 4 in Spellcasting
  1106 | D:1      | Reached XP level 3. HP: 9/24 MP: 7/9
  1307 | D:2      | Learned a level 3 spell: Conjure Flame
  1356 | D:2      | Found a runed door.
  1425 | D:2      | Noticed Terence
  1435 | D:2      | Killed Terence
  1435 | D:2      | Reached skill level 5 in Spellcasting
  1517 | D:2      | Reached XP level 4. HP: 28/30 MP: 10/11
  1819 | D:2      | Noticed Ijyb
  1828 | D:2      | Killed Ijyb
  1828 | D:2      | Reached skill level 6 in Spellcasting
  1834 | D:2      | Learned a level 4 spell: Sticky Flame
  1837 | D:2      | Learned a level 2 spell: Throw Flame
  2181 | D:2      | Noticed Crazy Yiuf
  2188 | D:2      | Killed Crazy Yiuf
  2188 | D:2      | Reached XP level 5. HP: 35/35 MP: 13/13
  2545 | D:3      | Found a glowing drain.
  2550 | Sewer    | Entered a sewer
  2605 | Sewer    | Reached skill level 7 in Spellcasting
  3488 | D:3      | Learned a level 5 spell: Fireball
  3676 | D:3      | Noticed Robin
  3697 | D:3      | Killed Robin
  3697 | D:3      | Reached XP level 6. HP: 28/41 MP: 7/16
  4400 | D:4      | Reached skill level 8 in Spellcasting
  4916 | D:4      | Found Ketu's Distillery.
  4971 | D:4      | Reached skill level 9 in Spellcasting
  4971 | D:4      | Reached skill level 1 in Conjurations
  5093 | D:4      | Reached XP level 7. HP: 46/46 MP: 19/19
  5475 | D:5      | Entered Level 5 of the Dungeon
  5721 | D:5      | Got a steaming robe
  5735 | D:5      | Identified the +2 robe of the Snake Pit {MR+} (You found it on level 5 of the Dungeon)
  6469 | D:6      | Reached XP level 8. HP: 51/52 MP: 21/21
  7131 | D:7      | Found a staircase to the Ecumenical Temple.
  7271 | Temple   | Entered the Ecumenical Temple
  7455 | Temple   | Became a worshipper of Sif Muna the Loreminder
  7968 | D:8      | Noticed a hippogriff
  8037 | D:7      | Reached skill level 5 in Fire Magic
  8195 | D:8      | Reached skill level 10 in Spellcasting
  8395 | D:8      | Reached * piety under Sif Muna
  8395 | D:8      | Reached XP level 9. HP: 57/57 MP: 12/23
  8444 | D:8      | Reached skill level 5 in Conjurations
  8913 | D:8      | Reached ** piety under Sif Muna
  9124 | D:8      | Found a burning altar of Makhleb.
  9373 | D:8      | Identified the +9 chain mail of Wrong Decisions {Str+3 Slay-4 SInv} (You took it off a gnoll on level 8 of the Dungeon)
  9631 | D:9      | Reached skill level 11 in Spellcasting
  9724 | D:9      | Reached XP level 10. HP: 63/63 MP: 21/25
  9740 | D:9      | Reached *** piety under Sif Muna
 10589 | D:9      | Found a staircase to the Orcish Mines.
 10616 | D:9      | Found a staircase to the Lair.
 10869 | D:9      | Noticed a two-headed ogre
 10880 | D:9      | Killed a two-headed ogre
 10880 | D:9      | Reached **** piety under Sif Muna
 11034 | D:10     | Entered Level 10 of the Dungeon
 11209 | D:10     | Noticed a two-headed ogre
 11218 | D:10     | Killed a two-headed ogre
 11673 | D:10     | Reached XP level 11. HP: 63/68 MP: 19/26
 11711 | D:10     | Noticed Harold
 11719 | D:10     | Killed Harold
 11719 | D:10     | Reached skill level 12 in Spellcasting
 12050 | D:10     | Noticed a two-headed ogre
 12059 | D:10     | Killed a two-headed ogre
 12270 | D:10     | Noticed Duffy's ghost (journeyman OgTm)
 12309 | D:10     | Killed Duffy's ghost
 12895 | Lair:1   | Entered Level 1 of the Lair of Beasts
 13050 | Lair:1   | Noticed Sonja
 13054 | Lair:1   | Killed Sonja
 13685 | Lair:1   | Reached ***** piety under Sif Muna
 14459 | Lair:2   | Received a gift from Sif Muna
 14473 | Lair:2   | Reached skill level 10 in Fire Magic
 15089 | Lair:2   | Reached XP level 12. HP: 74/74 MP: 3/28
 15795 | Lair:3   | Found a staircase to the Swamp.
 16112 | Lair:3   | Reached skill level 10 in Conjurations
 16113 | Lair:3   | Reached skill level 13 in Spellcasting
 16430 | Lair:3   | Reached skill level 1 in Shields
 16754 | Lair:3   | Found a staircase to the Snake Pit.
 17039 | Lair:3   | Noticed a death yak
 17039 | Lair:3   | Noticed a death yak
 17039 | Lair:3   | Noticed a death yak
 17039 | Lair:3   | Noticed a death yak
 17057 | Lair:3   | Killed a death yak
 17057 | Lair:3   | Killed a death yak
 17066 | Lair:3   | Killed a death yak
 17066 | Lair:3   | Reached skill level 5 in Shields
 17108 | Lair:3   | Killed a death yak
 18079 | Lair:4   | Identified the cursed +1 scale mail "Coasom" {rF- Int+6 Stlth+} (You found it on level 4 of the Lair of Beasts)
 18178 | Lair:4   | Noticed a catoblepas
 18185 | Lair:4   | Killed a catoblepas
 18201 | Lair:4   | Reached skill level 5 in Fighting
 18429 | Lair:4   | Received a gift from Sif Muna
 18698 | Lair:5   | Identified a scroll of acquirement
 18699 | Lair:5   | Got a pitted brass ring
 18700 | Lair:5   | Identified the ring "Jeoceiw" {rC+ Int+2} (You acquired it on level 5 of the Lair of Beasts)
 18815 | Lair:5   | Reached skill level 1 in Invocations
 18821 | Lair:5   | Gained mutation: You are in touch with the powers of death. [Mummy growth]
 18821 | Lair:5   | Reached XP level 13. HP: 71/94 MP: 2/30
 18867 | Lair:5   | Found a frozen archway.
 18875 | IceCv    | Entered an ice cave
 19109 | IceCv    | Got a shimmering trident
 19110 | IceCv    | Identified the +10 trident "Mutwubbi" {freeze, rPois rF++} (You found it in an ice cave)
 19567 | IceCv    | Got an opalescent robe
 19578 | IceCv    | Identified the cursed -5 robe of Misfortune {-Cast *Contam *Tele *Drain EV-5 Stlth-- *Curse} (You found it in an ice cave)
 19606 | IceCv    | Got a brightly glowing ring mail
 19675 | Lair:5   | Identified the +6 ring mail of the Blessed Realm {Int+3} (You found it in an ice cave)
 19903 | Lair:5   | Reached skill level 5 in Invocations
 20688 | Lair:5   | Found a staircase to the Slime Pits.
 21167 | Lair:6   | Entered Level 6 of the Lair of Beasts
 23179 | Lair:6   | Reached skill level 10 in Invocations
 23184 | Lair:6   | Found a white marble altar of Elyvilon.
 23248 | Lair:6   | Reached XP level 14. HP: 92/101 MP: 10/31
 23386 | Lair:6   | Reached skill level 1 in Evocations
 24648 | Lair:6   | Reached skill level 5 in Evocations
 26599 | Lair:6   | Reached skill level 1 in Armour
 28785 | Lair:5   | Reached XP level 15. HP: 76/106 MP: 0/32
 29483 | Swamp:1  | Entered Level 1 of the Swamp
 30559 | Swamp:1  | Noticed Aizul
 30564 | Swamp:1  | Noticed a thorn hunter
 30565 | Swamp:1  | Killed Aizul
 30573 | Swamp:1  | Killed a thorn hunter
 31706 | Swamp:2  | Reached skill level 14 in Spellcasting
 31871 | Swamp:2  | Reached skill level 1 in Polearms
 33031 | Swamp:2  | Got a scintillating lapis lazuli ring
 33620 | Swamp:3  | Noticed Mara
 33620 | Swamp:3  | Noticed Kirke
 33950 | Orc:1    | Entered Level 1 of the Orcish Mines
 34144 | Orc:1    | Identified Sif Muna's Catalogue of Damaging Weightlessness (Sif Muna gifted it to you on level 1 of the Orcish Mines)
 34144 | Orc:1    | Received a gift from Sif Muna
 34529 | Orc:1    | Learned a level 5 spell: Bolt of Magma
 35238 | Orc:2    | Entered Level 2 of the Orcish Mines
 35418 | Orc:2    | Found a burning altar of Makhleb.
 35698 | Orc:2    | Noticed Nessos
 35701 | Orc:2    | Killed Nessos
 36421 | Orc:2    | Noticed an orc warlord
 36432 | Orc:2    | Killed an orc warlord
 36500 | Orc:2    | Reached skill level 15 in Spellcasting
 36569 | Orc:2    | Found a roughly hewn altar of Beogh.
 36677 | Orc:2    | Reached XP level 16. HP: 115/115 MP: 18/35
 36749 | Orc:2    | Found Xuic's Antique Armour Shop.
 36768 | Orc:2    | Found Paemeaba's Book Shop.
 36773 | Orc:2    | Found Coosk's General Store.
 36798 | Orc:2    | Found Cahem's Antique Weapon Shop.
 36816 | Orc:2    | Found a staircase to the Elven Halls.
 36830 | Orc:2    | Bought a scroll of fear for 49 gold pieces
 37190 | Orc:2    | Bought a dazzling ring mail for 315 gold pieces
 37190 | Orc:2    | Identified the +1 ring mail of Sorcery {Int+2} (You bought it in a shop on level 2 of the Orcish Mines)
 37191 | Orc:2    | Identified the ring of Qebeh {rPois Str+5 Stlth+} (You found it on level 2 of the Swamp)
 37194 | Orc:2    | Bought a glowing shield for 367 gold pieces
 37215 | Orc:2    | Upgraded the game from 0.20-a0-446-g9649680 to 0.20-a0-453-g91466d2
 38047 | Swamp:3  | Noticed Kriby's illusion
 38558 | Swamp:3  | Killed Kirke
 38675 | Swamp:3  | Noticed a thorn hunter
 38678 | Swamp:3  | Killed a thorn hunter
 39423 | Swamp:3  | Noticed Kriby's illusion
 39760 | Swamp:4  | Entered Level 4 of the Swamp
 39974 | Swamp:4  | Reached skill level 16 in Spellcasting
 41023 | Swamp:4  | Got a decaying rune of Zot
 41047 | Swamp:4  | Noticed a thorn hunter
 41061 | Swamp:4  | Killed a thorn hunter
 41061 | Swamp:4  | Identified Dunil's Guide on Quantum Confrontation (Sif Muna gifted it to you on level 4 of the Swamp)
 41061 | Swamp:4  | Received a gift from Sif Muna
 41487 | Swamp:4  | Noticed a thorn hunter
 41489 | Swamp:4  | Killed a thorn hunter
 42906 | Snake:1  | Entered Level 1 of the Snake Pit
 42925 | Snake:1  | Noticed Zaque's ghost (journeyman DrCj)
 43897 | D:11     | Reached skill level 17 in Spellcasting
 44288 | D:11     | Reached XP level 17. HP: 125/125 MP: 22/38
 45530 | D:12     | Found Liefeore's Antique Armour Emporium.
 45533 | D:12     | Bought a pair of glowing boots for 346 gold pieces
 45533 | D:12     | Bought a shiny helmet for 346 gold pieces
 45543 | D:12     | Identified a +0 pair of boots of running (You bought it in a shop on level 12 of the Dungeon)
 46600 | D:13     | Found Lewnas's Assorted Antiques.
 46602 | D:13     | Found Botwaeva's Jewellery Shop.
 46603 | D:13     | Found Rejied's Antique Weapon Shop.
 46604 | D:13     | Found Wotin's Jewellery Shop.
 46608 | D:13     | Bought a scroll of teleportation for 90 gold pieces
 46608 | D:13     | Bought a scroll of magic mapping for 105 gold pieces
 46625 | D:13     | Bought the ring "Giwn" {rElec rC+ MR+} for 644 gold pieces
 46625 | D:13     | Bought the brooch of Shielding {Reflect SH+8} for 448 gold pieces
 47154 | D:13     | Found Tobiuhodd's Antique Weapon Shop.
 47442 | D:13     | Noticed Psyche
 47447 | D:13     | Killed Psyche
 48139 | Snake:1  | Killed from afar by Zaque's ghost

Vault maps used:
D:1:      minmay_arrival_up_and_down
D:2:      uniq_terence, uniq_crazy_yiuf_cottage, uniq_iyjb
D:3:      kennysheep_goblin_castle, lightli_sewer_entry_pipes
D:4:      first_bread, serial_shops, shop_fountains, uniq_robin
D:8:      makhleb_grotto_becter
D:9:      minmay_lair_entry_grove, orc_0_dummy
D:10:     grunt_tengu_nest, minmay_misc_feat_doors, uniq_psyche, uniq_harold
D:12:     serial_shops, kennysheep_mini_moat
D:13:     serial_shops, shop, minmay_shop_grid_forest,
          kennysheep_generic_room_15
Temple:   regret_index_temple_chain_breaker
Lair:1:   uniq_sonja
Lair:3:   swamp_mist_pool, minmay_snake_entry_guardpost_small,
          serial_bayou_shore_b, grunt_megastairs_2, minmay_lair_oklob_chamber,
          infiniplex_staircase_pool_2
Lair:5:   minmay_slime_entry_pillars, portal_ice_cave_entry_pillars_2,
          minivault_11
Lair:6:   hangedman_lair_caniforms_friends, hangedman_lair_in_review,
          basic_altar, minmay_lair_drake_nest
Swamp:1:  serial_swamp_ruin, evilmike_swamp_ruin_rubble_2,
          evilmike_swamp_ruin_house_6, uniq_aizul
Swamp:2:  evilmike_swamp_ruin_house_5
Swamp:3:  evilmike_swamp_ruin_house_2, swamp_pool1, roderic_carrion_pond,
          uniq_mara, uniq_kirke
Swamp:4:  swamp, swamp_pool5, nicolae_swamp_feature_on_the_river_bank
Snake:1:  serial_shops, nicolae_shop_waterfront
Orc:1:    elves_outpost_lemuel
Orc:2:    grunt_orc_cross, basic_altar, uniq_nessos
Sewer:    sewer_co_cracked_pipes
IceCv:    ice_cave_statue_garden_chambered

Skill      XL: |  1  2  3  4  5  6  7  8  9 10 11 12 13 14 15 16 |
---------------+-------------------------------------------------+-----
Spellcasting   | 3 4 5 6 7 9 10 11 12 13 15 17 | 17.2
Conjurations   | 1 3 4 6 8 9 10 11 | 11.9
Fire Magic     | 3 5 7 8 10 11 12 | 12.2
Shields        | 5 |  5.0
Fighting       | 6 7 9 |  9.3
Invocations    | 1 10 | 10.4
Evocations     | 7 |  7.3
Armour         | 4 |  4.4
Dodging        | 4 |  4.6
Polearms       | 3 |  3.0
Stealth        | |  1.5

Action                   |  1- 3 |  4- 6 |  7- 9 | 10-12 | 13-15 | 16-18 || total
-------------------------+-------+-------+-------+-------+-------+-------++-------
Melee: Hand axe          |     3 |     1 |       |       |       |       ||     4
       Quarterstaff      |       |     1 |     7 |       |       |       ||     8
       Short sword       |       |       |       |    34 |     1 |       ||    35
       Trident           |       |       |       |       |   275 |   316 ||   591
 Cast: Flame Tongue      |    55 |   191 |   218 |   164 |    35 |     1 ||   664
       Conjure Flame     |     1 |     4 |    13 |    33 |     7 |       ||    58
       Throw Flame       |       |       |    51 |    32 |    13 |       ||    96
       Sticky Flame      |       |       |    13 |    45 |    59 |    15 ||   132
       Fireball          |       |       |       |   140 |   501 |   258 ||   899
       Bolt of Magma     |       |       |       |       |     5 |    64 ||    69
Invok: Channel Magic     |       |       |       |     3 |    12 |     6 ||    21
Evoke: Wand              |       |       |       |     2 |    19 |    15 ||    36
  Use: Scroll            |     1 |       |     5 |    18 |    11 |     5 ||    40
 Stab: Paralysed         |       |       |       |       |    46 |       ||    46
       Distracted        |       |       |       |       |       |     1 ||     1
Armor: Robe              |     3 |    13 |    22 |    21 |     1 |       ||    60
       Ring mail         |       |       |       |       |   150 |   220 ||   370
Dodge: Dodged            |    34 |    58 |    38 |    50 |   203 |   180 ||   563
Block: Buckler           |       |       |       |     8 |   116 |   168 ||   292
       Reflection        |       |       |       |       |       |    11 ||    11
